Map: Site Delta LE

Players

DisReSpeCT

  • Race: Terran Terran
  • Spawn Location: 5:00

Lambo - Winner!

  • Race: Zerg Zerg
  • Spawn Location: 11:00

Event: ESL Spring 2024 Finals

VOD

Have the link to the VOD?

Description

Time

  • Played on: May 31, 2024, 5:16 p.m.
  • Length: 9:35

All games in this series

Show
View Real Time Build Order
Export as new Build Order

DisReSpeCT Terran 

Build Orders: Reaper Expand 

Get SALT Encoding   

  12  0:00  SCV  
  13  0:12  SCV  
  14  0:17  Supply Depot  
  14  0:24  SCV  
  15  0:38  SCV  
  15  0:39  Barracks  
  16  0:43  Refinery  
  16  0:50  SCV  
  17  1:02  SCV  
  18  1:15  SCV  
  19  1:26  Reaper  
  19  1:27  Orbital Command  
  20  1:37  Command Center  
  20  1:45  Supply Depot  
  20  1:53  SCV  
  21  1:57  Marine  
  22  2:05  SCV  
  22  2:08  Factory  
  23  2:17  SCV  
  23  2:21  Barracks Reactor  
  24  2:33  SCV  
  25  2:37  Command Center  
  24  2:46  SCV  
  24  2:59  SCV  
  24  3:02  Starport  
  25  3:09  Orbital Command  
  25  3:13  Hellion  
  25  3:14  SCV  
  28  3:20  Hellion  
  28  3:22  Barracks Tech Lab  
  28  3:26  SCV  
  31  3:31  Refinery  
  31  3:36  SCV, Hellion  
  31  3:38  SCV  
  35  3:49  SCV  
  35  3:54  Banshee  
  35  3:55  Barracks Tech Lab, SCV  
  41  3:56  Orbital Command  
  41  4:01  SCV, Hellion  
  43  4:05  Hellion  
  43  4:08  SCV  
  46  4:13  SCV  
  47  4:18  Stimpack  
  47  4:19  Marine  
  47  4:20  SCV  
  47  4:23  SCV  
  50  4:25  SCV  
  50  4:28  Supply Depot  
  51  4:32  SCV  
  51  4:34  Barracks  
  51  4:35  SCV  
  51  4:37  Barracks  
  51  4:43  SCV  
  51  4:44  SCV  
  53  4:47  Starport Reactor, Marine  
  53  4:49  Supply Depot  
  53  4:51  Engineering Bay  
  54  4:53  SCV  
  54  4:54  Engineering Bay  
  54  4:57  Siege Tank  
  58  5:00  SCV x2  
  58  5:03  Refinery  
  58  5:05  Marine  
  61  5:14  SCV x3  
  62  5:17  Terran Infantry Weapons Level 1  
  58  5:25  Marine, Barracks  
  58  5:26  SCV, Marine, Barracks  
  58  5:28  SCV x2  
  63  5:29  Starport Reactor  
  63  5:33  Terran Infantry Armor Level 1  
  63  5:37  Marine x2  
  63  5:38  SCV  
  63  5:40  SCV  
  68  5:45  Orbital Command  
  68  5:47  Marine x2  
  69  5:50  SCV, Marine  
  69  5:52  SCV  
  69  5:54  Siege Tank  
  69  5:55  Marine  
  69  5:56  Supply Depot x2  
  76  6:00  Refinery  
  76  6:02  SCV  
  76  6:04  Combat Shield  
  77  6:12  Supply Depot  
  77  6:13  Barracks Reactor x2  
  77  6:17  SCV x3, Marine x5  
  85  6:28  Medivac  
  85  6:30  SCV  
  88  6:33  SCV  
  88  6:34  Barracks  
  88  6:35  Supply Depot, Marine x2, Barracks x2  
  88  6:38  Medivac  
  88  6:39  Marine x2  
  95  6:43  SCV  
  95  6:44  SCV  
  97  6:49  SCV  
  97  6:50  Marine x3  
  101  6:56  Supply Depot  
  101  6:57  SCV x2, Marine x3, Siege Tank  
  101  6:58  Supply Depot  
  101  6:59  Bunker  
  109  7:05  Supply Depot  
  109  7:10  Refinery x2  
  109  7:18  SCV x3, Marine x5  
  109  7:20  Marine x3, Medivac x2  
  124  7:25  Marine  
  124  7:26  Marine x3  
  128  7:30  SCV x3  
  128  7:31  Armory  
  128  7:35  Marine x2  
  133  7:48  SCV x2, Marine x3, Siege Tank  
  133  7:51  Supply Depot  
  141  8:01  Marine x5  
  141  8:02  SCV, Medivac  
  141  8:03  Marine x4, Medivac  
  134  8:05  Marine x3  
  134  8:12  SCV x2  
  139  8:14  SCV  
  139  8:19  Marine x5  
  137  8:21  Marine x2  
  137  8:22  Marine x2  
  137  8:23  Siege Tank, Marine  
  141  8:32  Marine x2  
  131  8:37  SCV x3, Marine x3  
  131  8:38  Marine x2  
  139  8:47  Marine x3  
  142  8:49  SCV  
  142  9:04  Marine  
  131  9:16  Marine x11  
Show
View Real Time Build Order
Export as new Build Order

Lambo Zerg - Winner!

Build Orders: Pool First 

Get SALT Encoding   

  12  0:00  Drone  
  13  0:12  Overlord  
  13  0:16  Drone  
  14  0:30  Drone x2  
  14  0:34  Drone  
  17  0:43  Spawning Pool  
  17  0:47  Drone  
  17  1:07  Hatchery  
  17  1:10  Drone  
  17  1:12  Extractor  
  17  1:14  Drone  
  17  1:30  Zergling x4  
  17  1:31  Queen  
  21  1:38  Overlord  
  21  1:49  Drone  
  22  2:00  Drone  
  23  2:07  Queen  
  25  2:12  Drone  
  26  2:17  Hatchery  
  26  2:21  Drone  
  26  2:24  Drone  
  27  2:30  Drone  
  27  2:32  Drone  
  29  2:38  Drone  
  29  2:40  Drone x2  
  29  2:44  Drone x2  
  33  2:52  Metabolic Boost  
  32  2:59  Queen  
  32  3:01  Overlord  
  32  3:05  Drone x2  
  36  3:19  Queen  
  38  3:20  Drone x5  
  38  3:22  Drone  
  44  3:29  Overlord  
  44  3:31  Queen  
  46  3:36  Queen  
  46  3:41  Zergling x4  
  50  3:47  Overlord  
  50  3:48  Overlord  
  50  3:50  Zergling x4  
  50  3:53  Drone x2  
  54  3:57  Queen  
  54  3:59  Drone  
  57  4:04  Overlord  
  57  4:06  Drone x2  
  57  4:08  Zergling x2  
  60  4:10  Drone x2  
  62  4:18  Drone x4  
  62  4:20  Drone x2  
  62  4:22  Overlord  
  68  4:28  Queen  
  71  4:31  Zergling x4  
  71  4:35  Drone x3  
  75  4:39  Extractor  
  75  4:41  Overlord  
  75  4:45  Spore Crawler  
  73  4:46  Spore Crawler  
  73  4:47  Lair  
  73  4:48  Spore Crawler  
  73  4:50  Drone x3  
  74  4:53  Drone x2  
  74  4:54  Drone  
  74  4:55  Zergling x2  
  74  4:59  Zergling x4  
  80  5:00  Drone x2  
  80  5:04  Drone  
  80  5:06  Drone  
  84  5:13  Drone x3  
  84  5:14  Drone  
  84  5:17  Drone x2  
  87  5:23  Extractor  
  87  5:24  Drone x3  
  87  5:25  Extractor x2, Baneling Nest  
  87  5:27  Evolution Chamber  
  87  5:28  Drone x2, Evolution Chamber  
  86  5:31  Hatchery  
  86  5:32  Overlord  
  85  5:37  Drone x3  
  85  5:38  Drone  
  89  5:43  Queen  
  89  5:45  Drone x2  
  93  5:52  Drone x3  
  93  5:53  Zerg Melee Weapons Level 1, Zerg Ground Armor Level 1  
  96  5:57  Overlord  
  96  6:05  Drone x7  
  96  6:06  Hydralisk Den  
  96  6:10  Centrifugal Hooks, Zergling x6  
  96  6:11  Extractor  
  104  6:17  Zergling x6  
  106  6:19  Baneling x3  
  106  6:20  Drone x3  
  106  6:23  Hatchery  
  108  6:26  Overseer  
  108  6:28  Drone x3  
  111  6:33  Drone x3  
  111  6:37  Grooved Spines  
  111  6:39  Overlord x3  
  114  6:46  Zergling x2  
  114  6:47  Zergling x8  
  119  6:52  Overlord  
  119  6:55  Drone  
  119  6:56  Hydralisk x4  
  119  6:57  Queen, Infestation Pit  
  119  7:01  Spore Crawler  
  128  7:02  Extractor  
  128  7:05  Hydralisk x4  
  128  7:08  Baneling x5  
  135  7:11  Zergling x8  
  135  7:12  Baneling x2  
  135  7:14  Zergling x6  
  142  7:16  Zergling x6  
  142  7:19  Baneling x4  
  142  7:22  Zergling x10  
  150  7:31  Drone x2  
  150  7:33  Overlord  
  150  7:34  Hive  
  150  7:37  Drone  
  153  7:38  Zergling x10  
  153  7:39  Baneling x8  
  153  7:43  Baneling x5  
  158  7:48  Overlord x2  
  157  7:51  Overlord  
  157  7:52  Baneling  
  157  7:53  Baneling x3, Overlord  
  157  7:54  Overlord  
  157  7:55  Zergling x14  
  157  7:58  Zergling x2  
  165  7:59  Overlord  
  165  8:01  Overlord  
  165  8:05  Zergling x10  
  166  8:07  Overlord  
  166  8:10  Zergling x12  
  172  8:13  Zergling x6  
  172  8:19  Zergling x12  
  174  8:27  Zergling x2  
  174  8:28  Zergling x10  
  171  8:34  Zergling x14  
  171  8:37  Baneling x8  
  171  8:40  Baneling x3  
  178  8:45  Zergling x2  
  178  8:46  Zergling x16  
  187  8:49  Baneling x5  
  187  8:51  Drone  
  187  8:52  Spore Crawler  
  187  8:53  Zergling x6  
  190  8:57  Zergling x6  
  190  9:01  Zergling x14  
  199  9:03  Baneling x8  
  195  9:12  Zergling x16  
Tags
 
Add a new tag
Caveats
  • Supply blocks, unpowered buildings, or Contaminate may cause inaccurate times.
  • Supply counts are checked every 10 seconds.